 Dungeon Crawl Stone Soup version 0.23.1 (webtiles) character file.

Game seed: 8740272059518821099

42 Borgoz the Sneak (level 3, -2/28 HPs)
             Began as a Ghoul Enchanter on Mar 3, 2019.
             Slain by a goblin
             ... wielding a +0 hand axe
             ... led by Robin
              (8 damage)
             ... on level 2 of the Dungeon.
             The game lasted 00:03:34 (870 turns).

Borgoz the Sneak (Ghoul Enchanter)                   Turns: 870, Time: 00:03:35

Health: -2/28      AC:  2    Str: 11    XL:     3   Next: 54%
Magic:  4/4        EV: 12    Int: 10    God:
Gold:   52         SH:  0    Dex: 10    Spells: 4/5 levels left

rFire    . . .     SeeInvis .   a - +1 dagger
rCold    + . .     Gourm    .   (no shield)
rNeg     + + +     Faith    .   b - +0 robe
rPois    ∞         Spirit   .   (no helmet)
rElec    .         Reflect  .   (no cloak)
rCorr    .         Harm     .   (no gloves)
MR       .....                  (no boots)
Stlth    ++........             (no amulet)
HPRegen  0.00/turn              (no ring)
MPRegen  0.09/turn              (no ring)

@: about to teleport, rotting
A: rotting body, claws 1, carnivore, cold resistance 1, negative energy
resistance 3, inhibited regeneration, torment resistance, unbreathing
a: no special abilities


You were on level 2 of the Dungeon.
You were not hungry.

You visited 1 branch of the dungeon, and saw 4 of its levels.

You collected 52 gold pieces.

Inventory:

Hand Weapons
 a - a +1 dagger (weapon)
Armour
 b - a +0 robe (worn)
Scrolls
 e - a scroll of fog {unknown}
 g - a scroll of teleportation
 i - a scroll of enchant weapon {unknown}
 k - 2 scrolls of noise {unknown}
Potions
 h - a potion of invisibility {unknown}
 j - a potion of lignification {unknown}
Comestibles
 d - a ration


   Skills:
 + Level 1.1 Fighting
 * Level 1.8 Short Blades
 + Level 0.8 Armour
 * Level 2.4 Dodging
 - Level 3.2 Stealth
 - Level 1.7 Spellcasting
 - Level 2.4 Hexes


You had 4 spell levels left.
You knew the following spells:

 Your Spells              Type           Power        Failure   Level  Hunger
a - Corona                Hex            #......      12%         1    ##.....

Your spell library contained the following spells:

 Spells                   Type           Power        Failure   Level  Hunger
 Ensorcelled Hibernation  Hex/Ice        #.....       30%         2    ###....
 Confuse                  Hex            #.......     34%         3    ####...
 Tukima's Dance           Hex            #.......     34%         3    ####...
 Dazzling Spray           Conj/Hex       #.....       52%         3    ####...


Dungeon Overview and Level Annotations

Branches:
Dungeon (4/15)
 Temple: D:4-7

Altars:

Annotations:
D:2 Robin


Innate Abilities, Weirdness & Mutations

Your body is rotting away.
You thrive on raw meat.
You are immune to poison.
You have sharp fingernails.
You are carnivorous and can eat meat at any time.
Your flesh is cold resistant. (rC+)
You are immune to negative energy. (rN+++)
You do not regenerate when monsters are visible.
You are immune to unholy pain and torment.
You can survive without breathing.


Message History

You feel strangely unstable.
It was a scroll of teleportation.
The dart slug launches a dart at you. The slug dart misses you.
The slug dart misses the goblin.
The goblin hits you.
* * * LOW HITPOINT WARNING * * *
Robin roars a battlecry!
Unknown command.
You hit the goblin but do no damage.
The goblin is moderately wounded.
The goblin hits you but does no damage. The goblin completely misses you.
You miss the goblin.
The goblin is moderately wounded.
The dart slug launches a dart at you. The slug dart hits you.
* * * LOW HITPOINT WARNING * * *
The goblin barely misses you. x2
You hit the goblin.
The goblin is heavily wounded.
A goblin comes into view. It is wielding a +0 dagger.
The goblin hits you with a +0 hand axe!
You die...

....... .#
....g.##.##
.##.#g#...##
#......## ##.#.
#.......# ...
#g......# ...
#wg.....# ...
#wgg...## #.#
#@#...## #.# #g#..##
#.# #.#..# #># #.#
#.#..# ####.###.#
#.#..#
....#....#######.#..#
####)##.............#
....)##..####.##.#.##
.....##..####.##.#.#


You could see a worm, Robin, a dart slug, a hobgoblin and 5 goblins.

Vanquished Creatures
  An adder (D:2)
  A worm (D:2)
  3 dart slugs
  A leopard gecko (D:3)
  A ball python (D:2)
  7 goblins
  2 hobgoblins
  2 bats (D:3)
  2 frilled lizards (D:2)
  3 kobolds (D:2)
  A rat (D:2)
24 creatures vanquished.

Notes
Turn   | Place    | Note
-------+----------+-------------------------------------------
     0 | D:1      | Borgoz the Ghoul Enchanter began the quest for the Orb.
     0 | D:1      | Reached XP level 1. HP: 14/14 MP: 2/2
    67 | D:1      | Reached skill level 1 in Short Blades
   262 | D:2      | Reached XP level 2. HP: 19/21 MP: 3/3
   350 | D:2      | You fall through a shaft for 2 floors!
   570 | D:2      | Reached skill level 1 in Fighting
   585 | D:2      | Reached XP level 3. HP: 27/28 MP: 4/4
   674 | D:2      | HP: 1/28 [worm (10)]
   861 | D:2      | Noticed Robin
   870 | D:2      | Slain by a goblin

Skill      XL: |  1  2 |
---------------+-------+-----
Short Blades   | 1 |  1.8
Dodging        | 2 |  2.4
Fighting       | 1 |  1.1
Armour         | |  0.8
Stealth        | |  3.2
Spellcasting   | |  1.7
Hexes          | |  2.4

Action                   || total
-------------------------++-------
Melee: Dagger            ||   103
  Use: Potion            ||     2
       Scroll            ||     1
 Stab: Sleeping          ||     2
  Eat: Chunk             ||     3
Armor: Robe              ||    11
Dodge: Dodged            ||    57
